 Dungeon Sprint DCSS version 0.31.0-9-g3a7656b989 (webtiles) character file.

Game seed: 2855784116062380083

1846 Heoruswealwe the Impaler (level 8, -1/85 HPs)
             Began as a Minotaur Fighter on Feb 3, 2024.
             Was an Initiate of Gozag.
             Slain by a two-headed ogre
             ... wielding a +0 giant spiked club
              (6 damage)
             ... in the Dungeon (Sprint IX: "|||||||||||||||||||||||||||||").
             The game lasted 00:02:55 (331 turns).

Heoruswealwe the Impaler (Minotaur Fighter)          Turns: 331, Time: 00:02:57

Health: -1/85      AC: 22    Str: 23    XL:     8   Next: 88%
Magic:  7/7        EV:  9    Int:  5    God:    Gozag
Gold:   333        SH:  0    Dex: 10    Spells: 7/7 levels left

rFire   . . .        b - +2 halberd (protect)
rCold   . . .        (shield currently unavailable)
rNeg    . . .        c - +1 chain mail
rPois   .            (helmet restricted)
rElec   .            h - +0 cloak
rCorr   .            (no gloves)
SInv    .            (no boots)
Will    .....        (no amulet) Stlth
                     (no ring)
HPRegen 0.34/turn    (no ring)
MPRegen 0.10/turn

%: no teleportation
@: gold aura, under a protective aura
A: horns 2, retaliatory headbutt
a: Renounce Religion, Potion Petition, Call Merchant, Bribe Branch


You were in the Dungeon.
You worshipped Gozag.
Gozag was aware of your devotion.
You visited 1 branch You collected 333 gold pieces.

Inventory:

Hand Weapons
 a - a +0 trident
 b - a +2 halberd of protection (weapon)
Armour
 c - a +1 chain mail (worn)
 d - a +0 buckler
 h - a +0 cloak (worn)
Wands
 l - a wand of roots (10)
Scrolls
 j - 2 scrolls of blinking
Potions
 e - a potion of curing
 f - 3 potions of heal wounds
 g - a potion of haste
 i - a potion of berserk rage
 k - a potion of might


   Skills:
 + Level 12.5 Fighting
 * Level 16.6 Polearms
 + Level 12.5 Armour
 - Level 3.6 Shields


You had 7 spell levels left.
You didn't know any spells.
Your spell library was empty.

Dungeon Overview and Level Annotations

Branches:
Dungeon (1/1)

Altars:
Cheibriados
Dithmenos
Elyvilon
Fedhas
Gozag
Hepliaklqana
Kikubaaqudgha
Makhleb
Nemelex Xobeh
Okawaru
Qazlal
Ru
Sif Muna
Trog
Uskayaw
Vehumet
Wu Jian
Xom
Yredelemnul
Zin
The Shining One
Jiyva
Lugonu


Innate Abilities, Weirdness & Mutations

You have a pair of horns on your head.
You reflexively headbutt those who attack you in melee.


Message History

You reach to attack!
You hit the cyclops.
The cyclops is lightly wounded.
The cyclops throws a large rock.
The large rock misses you.
Reach: b) +2 halberd (protect)
Press: ? - help, Dir - move target, f/p - cyclops
Aim: a cyclops, quivering large rocks (lightly wounded, about 12% to evade your +2 halberd of protection)
You reach to attack!
You slash the cyclops!
The cyclops is moderately wounded.
Reach: b) +2 halberd (protect)
Press: ? - help, Dir - move target, f/p - cyclops
Aim: a cyclops, quivering large rocks (moderately wounded, about 12% to evade your +2 halberd of protection)
You reach to attack!
You slice the cyclops!!
The cyclops is almost dead.
You slice the cyclops!!
You kill the cyclops!
Your Fighting skill increases to level 12!
Your Polearms skill increases to level 16!
Your Armour skill increases to level 12!
Reach: b) +2 halberd (protect)
Press: ? - help, Dir - move target, f - troll
Aim: a troll (about 32% to evade your +2 halberd of protection)
You reach to attack!
You impale the troll!!
The troll is severely wounded.
You hit the troll.
The troll is severely wounded.
The troll bites you but does no damage. The troll claws you but does no damage.
The troll closely misses you.
You closely miss the troll. You headbutt the troll!
You kill the troll!
Reach: b) +2 halberd (protect)
Press: ? - help, Dir - move target, f - two-headed ogre
Aim: a two-headed ogre, wielding a +0 giant spiked club and a +0 dire flail (about 20% to evade your +2 halberd of protection)
You reach to attack!
You barely miss the two-headed ogre. You slash the two-headed ogre!
The two-headed ogre is moderately wounded.
The two-headed ogre hits you with a +0 giant spiked club!!
* * * LOW HITPOINT WARNING * * *
The two-headed ogre hits you with a +0 dire flail.
You die...
Your body crumbles into a pile of gold.

▓.▓
▓.▓
▓)▓
▓.▓
▓.▓
▓.▓
▓.▓
▓.▓
▓@▓
▓O▓
▓.▓
▓.▓
▓.▓
▓.▓
▓.▓
▓.▓


You could see a two-headed ogre.

Vanquished Creatures
  A cyclops (D)
  A yaktaur (shapeshifter) (D)
  3 trolls (D)
  A vampire (D)
  A laughing skull (D)
  An ogre (D)
  A kobold brigand (D)
  A scorpion (D)
  A killer bee (D)
  A howler monkey (D)
  An iguana (D)
  An orc wizard (D)
  An adder (D)
  A white imp (D)
  2 ball pythons (D)
  2 giant cockroaches (D)
  A goblin (D)
21 creatures vanquished.

Notes
Turn   | Place    | Note
-------+----------+-------------------------------------------
     0 | D        | Heoruswealwe the Minotaur Fighter began the quest for the
                  | Orb.
     0 | D        | Reached XP level 1. HP: 19/19 MP: 0/0
     5 | D        | Reached skill level 3 in Polearms
    11 | D        | Reached skill level 4 in Polearms
    17 | D        | Noticed a scorpion
    17 | D        | Noticed an iguana
    17 | D        | Noticed an ogre
    21 | D        | Reached XP level 2. HP: 28/28 MP: 1/1
    26 | D        | Reached skill level 5 in Polearms
    32 | D        | Killed a scorpion
    33 | D        | Reached skill level 7 in Polearms
    33 | D        | Reached XP level 3. HP: 37/37 MP: 2/2
    33 | D        | Reached XP level 4. HP: 44/44 MP: 3/3
    35 | D        | Killed an ogre
    36 | D        | Reached skill level 9 in Polearms
    36 | D        | Reached XP level 5. HP: 52/52 MP: 4/4
    47 | D        | Found a snail-covered altar of Cheibriados.
    47 | D        | Found a shadowy altar of Dithmenos.
    47 | D        | Found a white marble altar of Elyvilon.
    47 | D        | Found a blossoming altar of Fedhas.
    47 | D        | Found an opulent altar of Gozag.
    48 | D        | Found a hazy altar of Hepliaklqana.
    49 | D        | Found a viscous altar of Jiyva.
    50 | D        | Found an ancient bone altar of Kikubaaqudgha.
    51 | D        | Found a corrupted altar of Lugonu.
    52 | D        | Found a burning altar of Makhleb.
    53 | D        | Found a sparkling altar of Nemelex Xobeh.
    54 | D        | Found an iron altar of Okawaru.
    55 | D        | Became a worshipper of Gozag Ym Sagoz the Greedy
    56 | D        | Found a stormy altar of Qazlal.
    57 | D        | Found a sacrificial altar of Ru.
    58 | D        | Found a shimmering blue altar of Sif Muna.
    59 | D        | Found a bloodstained altar of Trog.
    60 | D        | Found a hide-covered altar of Uskayaw.
    61 | D        | Found a radiant altar of Vehumet.
    62 | D        | Found an ornate altar of the Wu Jian Council.
    63 | D        | Found a shimmering altar of Xom.
    64 | D        | Found a basalt altar of Yredelemnul.
    65 | D        | Found a glowing silver altar of Zin.
    66 | D        | Found a glowing golden altar of the Shining One.
   126 | D        | Noticed a vampire
   126 | D        | Noticed a troll
   137 | D        | Reached skill level 10 in Polearms
   143 | D        | Killed a vampire
   144 | D        | Reached skill level 11 in Polearms
   144 | D        | Reached XP level 6. HP: 29/63 MP: 5/5
   146 | D        | Reached skill level 12 in Polearms
   149 | D        | Killed a troll
   150 | D        | Reached skill level 10 in Fighting
   150 | D        | Reached skill level 13 in Polearms
   150 | D        | Reached skill level 10 in Armour
   150 | D        | Reached XP level 7. HP: 26/72 MP: 6/6
   296 | D        | Noticed a yaktaur
   296 | D        | Noticed a cyclops
   296 | D        | Noticed a troll
   296 | D        | Noticed a two-headed ogre
   296 | D        | Noticed a troll
   315 | D        | Reached skill level 14 in Polearms
   317 | D        | Killed a yaktaur
   318 | D        | Reached XP level 8. HP: 26/82 MP: 7/7
   322 | D        | Killed a troll
   323 | D        | Reached skill level 15 in Polearms
   326 | D        | Killed a cyclops
   327 | D        | Reached skill level 16 in Polearms
   329 | D        | Killed a troll
   331 | D        | Slain by a two-headed ogre

Illustrated notes

Levels and vault maps discovered:
D:        linesprint [early_d, line_temple, items_1, d_10, items_2, lair_1,
          lair_end, items_3, orc_1, orc_end, items_4, d_15, swamp_1, shoals_1,
          snake_1, spider_1, d_20, vaults_1, items_5, swamp_end, shoals_end,
          snake_end, spider_end, vaults_end, d_27, items_6, zot_1, zot_end,
          crypt_end, forest_end, elf_end, slime_end, tomb_end, abyss_end,
          pan_hell_end]

Skill      XL: |  1  2  3  4  5  6  7  8 |
---------------+-------------------------+-----
Polearms       | 4 7 9 11 13 14 16 | 16.6
Fighting       | 4 6 7 9 10 11 12 | 12.5
Armour         | 4 6 7 9 10 11 12 | 12.5
Shields        | |  3.6

Action                     |  1- 3 |  4- 6 |  7- 9 || total
---------------------------+-------+-------+-------++-------
  Melee: Trident           |    22 |     8 |       ||    30
         Headbutt          |     4 |     2 |     4 ||    10
         Halberd           |       |    19 |    39 ||    58
    Use: Potion            |       |     4 |       ||     4
 Armour: Scale mail        |     8 |     1 |       ||     9
         Chain mail        |       |    31 |    27 ||    58
  Dodge: Dodged            |     7 |     6 |    10 ||    23
  Block: Buckler           |     3 |     2 |       ||     5
